 Dungeon Crawl Stone Soup version 0.22-a0-76-gd698a02 (webtiles) character file.

1205 shenanigans the Skirmisher (level 8, 65/65 HPs)
             Began as a Barachi Monk on Jan 14, 2018.
             Quit the game on level 5 of the Dungeon.
             The game lasted 00:11:54 (6378 turns).

shenanigans the Skirmisher (Barachi Monk)           Turns: 6378, Time: 00:11:55

Health: 65/65      AC: 12    Str: 12    XL:     8   Next: 45%
Magic:  8/8        EV:  8    Int: 12    God:
Gold:   195        SH:  0    Dex: 16    Spells: 7/7 levels left

rFire    . . .     SeeInvis +   a - +0 falchion
rCold    . . .     Gourm    .   (no shield)
rNeg     . . .     Faith    .   j - +0 chain mail
rPois    .         Spirit   .   g - +0 helmet
rElec    .         Reflect  .   (no cloak)
rCorr    .         Harm     .   C - +0 pair of gloves
MR       .....                  (no boots)
Stlth    ..........             w - amulet of rage
HPRegen  0.20/turn              m - ring of flight
MPRegen  0.11/turn              d - ring of see invisible

@: slow
A: +LOS, swims, slowness 1, strong legs 1
a: Hop, Evoke Berserk Rage, Evoke Flight


You were on level 5 of the Dungeon.
You were very hungry.

You visited 1 branch of the dungeon, and saw 6 of its levels.

You collected 195 gold pieces.

Inventory:

Hand Weapons
 a - a +0 falchion (weapon)
Armour
 b - a +0 robe
 g - a +0 helmet (worn)
 j - a +0 chain mail (worn)
 k - a +0 ring mail
 s - a +0 scale mail
 y - the +3 leather armour of the Spheres {+Inv}
   (You found it on level 4 of the Dungeon)

   It lets you turn invisible.
 C - a +0 pair of gloves (worn)
Jewellery
 d - a ring of see invisible (right hand)
 e - an uncursed ring of fire
 i - a cursed ring of loudness {unknown}
 m - a ring of flight (left hand)
 n - an uncursed amulet of faith
 w - an amulet of rage (around neck)
Scrolls
 o - a scroll of fog {unknown}
 p - 3 scrolls of noise {unknown}
 r - a scroll of enchant armour {unknown}
 t - 2 scrolls of fear {unknown}
 u - a scroll of immolation {unknown}
 v - 4 scrolls of magic mapping {unknown}
 x - a scroll of remove curse {unknown}
 z - 2 scrolls of amnesia {unknown}
Potions
 f - 2 potions of curing
 h - a potion of lignification {unknown}
 l - a potion of magic
 q - 2 potions of mutation
 A - a potion of brilliance
 B - 5 potions of heal wounds {unknown}
Comestibles
 c - 13 rations


   Skills:
 + Level 6.9 Fighting
 + Level 6.8 Long Blades
 + Level 5.7 Armour
 + Level 6.3 Dodging
 - Level 1.7 Stealth


You had 7 spell levels left.
You didn't know any spells.

Dungeon Overview and Level Annotations

Branches:
Dungeon (6/15)
 Temple: D:4-7

Altars:

Shops:
D:4 ?


Innate Abilities, Weirdness & Mutations

Shadows flee at your approach. (+LOS)
You can swim through water.
You cover ground slowly.
You can hop short distances.


Message History

The adder bites you but does no damage.
You hit the adder but do no damage. The adder bites you but does no damage.
You hit the adder.
The adder is heavily wounded.
The adder barely misses you.
You hit the adder.
The adder is severely wounded.
The adder bites you but does no damage.
You slash the adder!
You kill the adder!
Found a quarterstaff.
Found a stone staircase leading up.
You see here a quarterstaff.
Done exploring.
Done exploring.
Done exploring.
Done exploring.
Done exploring.
Search for what [Enter for "sword", or ? for help]? temple Can't find anything matching that.
Are you sure you want to abandon this character and quit the game? (Confirm with "yes".)

#.......#
#.#.#.#.#
#.......#
#.#.#.#.#
#.......#
#.#<#.#.#
#.......#
#.#.#.#.#
#.....@.#
#.#.#.#.#
#.......#
#########


There were no monsters in sight!

Vanquished Creatures
  A phantom (D:4)
  An ice beast (D:5)
  An ogre (D:4)
  A centaur (D:5)
  2 scorpions
  2 howler monkeys
  A crimson imp (D:5)
  A bullfrog zombie (D:5)
  A centaur zombie (D:5)
  A jelly (D:6)
  A centaur skeleton (D:5)
  A hound (D:4)
  5 orc wizards
  2 orc priests
  3 worker ants (D:4)
  A hound skeleton (D:4)
  10 adders
  2 oozes
  2 adder zombies (D:5)
  2 worms
  A dart slug (D:2)
  4 leopard geckos
  27 orcs
  8 bats
  5 giant cockroaches
  2 goblins (D:1)
  3 hobgoblins
  13 kobolds
  7 frilled lizards
  9 rats
120 creatures vanquished.

Vanquished Creatures (others)
  A plant (D:2)
1 creature vanquished.

Grand Total: 121 creatures vanquished

Notes
Turn   | Place    | Note
-------+----------+-------------------------------------------
     0 | D:1      | shenanigans the Barachi Monk began the quest for the Orb.
     0 | D:1      | Reached XP level 1. HP: 18/18 MP: 1/1
    51 | D:1      | Reached XP level 2. HP: 15/25 MP: 2/2
   185 | D:1      | Reached skill level 1 in Armour
   567 | D:2      | Reached XP level 3. HP: 29/30 MP: 3/3
  1326 | D:2      | Reached XP level 4. HP: 30/38 MP: 4/4
  2295 | D:3      | Reached XP level 5. HP: 35/43 MP: 5/5
  2659 | D:3      | Reached skill level 5 in Fighting
  2678 | D:3      | Reached XP level 6. HP: 33/51 MP: 6/6
  2904 | D:3      | Reached skill level 5 in Long Blades
  3420 | D:4      | Found Ixycol's Magic Scroll Shoppe.
  3466 | D:4      | Reached skill level 5 in Dodging
  3952 | D:4      | Reached XP level 7. HP: 53/56 MP: 7/7
  4364 | D:4      | Got a transparent leather armour
  4734 | D:4      | Identified the +3 leather armour of the Spheres {+Inv} (You found it on level 4 of the Dungeon)
  4878 | D:5      | Entered Level 5 of the Dungeon
  5456 | D:5      | Reached skill level 5 in Armour
  5456 | D:5      | Reached XP level 8. HP: 13/65 MP: 8/8
  6378 | D:5      | Quit the game

Vault maps used:
D:1:      dpeg_arrival_arbitrary_c, minmay_misc_feat_pillars,
          minmay_misc_feat_roman
D:2:      st_stairs_7, lexackson_kobold_supper
D:3:      first_ration
D:4:      serial_shops, shop, minmay_misc_feat_cross
D:5:      st_stairs_13
D:6:      serial_shops, nicolae_shop_stone

Skill      XL: |  1  2  3  4  5  6  7  8 |
---------------+-------------------------+-----
Armour         | 1 2 3 5 |  5.7
Fighting       | 4 5 6 |  6.9
Long Blades    | 4 5 6 |  6.8
Dodging        | 4 5 6 |  6.3
Stealth        | |  1.7

Action                   |  1- 3 |  4- 6 |  7- 9 || total
-------------------------+-------+-------+-------++-------
Melee: Falchion          |    86 |   276 |   281 ||   643
 Abil: Evoke Berserk Rag |       |       |     2 ||     2
       Hop               |       |       |     2 ||     2
  Use: Scroll            |       |     5 |     1 ||     6
       Potion            |       |     1 |     4 ||     5
 Stab: Sleeping          |     2 |       |       ||     2
  Eat: Chunk             |     1 |    10 |     3 ||    14
       Ration            |       |       |     2 ||     2
Armor: Robe              |     7 |       |       ||     7
       Ring mail         |    24 |    10 |       ||    34
       Scale mail        |       |    70 |       ||    70
       Chain mail        |       |    18 |    97 ||   115
       Leather armour    |       |       |    25 ||    25
Dodge: Dodged            |    67 |   144 |   130 ||   341
       Rpst.: Falchion   |    23 |    43 |    40 ||   106

Table legend:
 A = Spawn XP
 B = Non-spawn XP
 C = Spawn XP percentage of total XP
 D = Spawn monster count
 E = Non-spawn monster count
 F = Spawn count percentage of total count
 G = Total turns spent on level
                    A         B        C        D         E        F      G
               +---------+---------+-------+---------+---------+-------+---------
         Total |       0 |    1722 |   0.0 |       0 |     120 |   0.0 |  6378
               +---------+---------+-------+---------+---------+-------+---------
           D:1 |       0 |      28 |   0.0 |       0 |      18 |   0.0 |   527
           D:2 |       0 |      71 |   0.0 |       0 |      25 |   0.0 |  1286
           D:3 |       0 |     229 |   0.0 |       0 |      34 |   0.0 |  1345
           D:4 |       0 |     658 |   0.0 |       0 |      20 |   0.0 |  1727
           D:5 |       0 |     684 |   0.0 |       0 |      21 |   0.0 |  1181
           D:6 |       0 |      52 |   0.0 |       0 |       2 |   0.0 |   312
               +---------+---------+-------+---------+---------+-------+---------
